 Dungeon Crawl Stone Soup version 0.19-a0-1049-g462a813 (webtiles) character file.

20267 mrath the Thaumaturge (level 12, -4/77 HPs)
             Began as a Gargoyle Earth Elementalist on July 31, 2016.
             Was an Elder of Vehumet.
             Slain by a white ugly thing (12 damage)
             ... on level 10 of the Dungeon.
             The game lasted 01:56:58 (21793 turns).

mrath the Thaumaturge (GrEE)                       Turns: 21793, Time: 01:56:59

Health: -4/77      AC: 22    Str: 15    XL:     12   Next: 77%
Magic:  13/27      EV: 14    Int: 21    God:    Vehumet [****..]
Gold:   757        SH:  0    Dex: 10    Spells: 6 memorised, 14 levels left

rFire  . . .     SeeInvis .     W - +1 morningstar (protect)
rCold  . . .     Gourm    .     c - +0 robe
rNeg   + . .     Faith    .     (no shield)
rPois  ∞         Spirit   .     (no helmet)
rElec  +         Dismiss  .     R - +2 cloak
rCorr  .         Reflect  .     t - +0 pair of gloves
SustAt .         Harm     .     v - +0 pair of boots
MR     .....                    T - amulet of regeneration
Stlth  +++.......               e - +3 ring of strength
                                g - ring of stealth

@: studying 2 skills, not resistant to hostile enchantments, fairly stealthy
A: negative energy resistance 1, electricity resistance, unbreathing,
petrification resistance, rot immunity, AC +8
a: Renounce Religion


You were on level 10 of the Dungeon.
You worshipped Vehumet.
Vehumet was greatly pleased with you.
You were hungry.

You visited 3 branches of the dungeon, and saw 13 of its levels.
You also visited: Ossuary and Bailey.

You collected 757 gold pieces.

Inventory:

Hand Weapons
 W - a +1 morningstar of protection (weapon)
Missiles
 q - 2 tomahawks of returning
 A - 25 tomahawks (quivered)
Armour
 c - a +0 robe (worn)
 t - a +0 pair of gloves (worn)
 v - a +0 pair of boots (worn)
 R - a +2 cloak (worn)
Magical Staves
 y - an uncursed staff of fire
Jewellery
 e - a +3 ring of strength (right hand)
 g - a ring of stealth (left hand)
 T - an amulet of regeneration (around neck)
Wands
 V - a wand of iceblast (10/15)
 Z - a wand of lightning (7/15)
Scrolls
 d - 6 scrolls of remove curse
 i - 6 scrolls of teleportation
 w - 5 scrolls of fear
 B - 2 scrolls of magic mapping
 C - 3 scrolls of identify
Potions
 a - 7 potions of heal wounds
 b - 5 potions of flight
 f - 5 potions of might
 z - 11 potions of curing
 I - 3 potions of cure mutation
 P - 6 potions of haste
Books
 s - a book of Geomancy

   Spells                             Type                      Level
   a - Sandblast                      Earth                        1
   b - Passwall                       Transmutation/Earth          2
   c - Stone Arrow                    Conjuration/Earth            3
   d - Petrify                        Transmutation/Earth          4
   e - Lee's Rapid Deconstruction     Earth                        5
 x - a manual of Shields
 S - a manual of Fighting
Miscellaneous
 D - a disc of storms
Comestibles
 p - 23 fruits
 M - 5 meat rations


   Skills:
 + Level 9.9 Fighting
 + Level 7.3 Armour
 + Level 5.3 Dodging
 - Level 2.1 Stealth
 * Level 11.0 Spellcasting
 + Level 9.2 Conjurations
   Level 0.7 Transmutations
 + Level 3.3 Fire Magic
 + Level 10.7 Earth Magic
 + Level 2.9 Evocations


You had 14 spell levels left.
You knew the following spells:

 Your Spells              Type           Power        Failure   Level  Hunger
a - Sandblast             Erth           ######       1%          1    None
b - Stone Arrow           Conj/Erth      ######       1%          3    None
c - Lee's Rapid Deconstr  Erth           ######....   1%          5    ####...
d - Sting                 Conj/Pois      ####         1%          1    None
e - Dazzling Spray        Conj/Hex       ####..       1%          3    None
f - Bolt of Fire          Conj/Fire      #####.....   26%         6    ######.


Dungeon Overview and Level Annotations

Branches:
Dungeon (10/15)            Temple (1/1) D:5            Lair (2/6) D:10
    Orc (0/2) D:10
  Swamp: Lair:2-4    Shoals: Lair:2-4     Snake: Lair:2-4    Spider: Lair:2-4

Altars:
Ashenzari
Cheibriados
Dithmenos
Elyvilon
Fedhas
Hepliaklqana
Kikubaaqudgha
Makhleb
Qazlal
Ru
Sif Muna
Trog
Uskayaw
Vehumet
Xom
Zin
The Shining One

Portals:
Trove: D:10 (give +3 ice dragon armour)

Annotations:
D:6 mrath's ghost, novice GrEE


Innate Abilities, Weirdness & Mutations

You are resistant to torment.
Your stone body is resilient. (AC +8)
You are immune to poison.
You resist negative energy. (rN+)
You are resistant to electric shocks. (rElec)
You can survive without breathing.
You are immune to petrification.
You are immune to rotting.


Message History

Casting: Stone Arrow
Confirm with . or Enter, or press ? or * to list all spells.
Aiming: Stone Arrow
Press: ? - help, Shift-Dir - straight line, f/p - white ugly thing
Aim: a white ugly thing (severely wounded)
The stone arrow hits the white ugly thing.
The white ugly thing is almost dead.
The white ugly thing kicks you but does no damage.
You hit the white ugly thing but do no damage.
The white ugly thing is almost dead.
The white ugly thing kicks you. The white ugly thing freezes you!!
The white ugly thing kicks you. The white ugly thing freezes you!!
* * * LOW HITPOINT WARNING * * *
A gargoyle comes into view. It is wielding a flail.
You hit the white ugly thing.
The white ugly thing is almost dead.
The white ugly thing kicks you.
* * * LOW HITPOINT WARNING * * *
The white ugly thing freezes you!
You die...

# # ########### # ##########
#.........# # #........#
#.........# #####........#
#.........# ##..'........####
#.........#
[..##........'9.###.........#
#####<.......##u@.'.........#
# #........######......>..#
#........# #.........#
#####'#### #######'### #...#
#######..# #########'###
#.......## # #...........#
##.############ #
#...........# #...........^.#
###...........#
#<............#


You could see a white ugly thing and a gargoyle.

Vanquished Creatures
  A hydra (Lair:2)
  An unseen horror (D:9)
  Pikel (D:9)
  An orc knight (Bailey)
  An ugly thing (D:10)
  A black mamba (Lair:2)
  8 spiny frogs
  A rime drake (Lair:2)
  2 komodo dragons (Lair:2)
  Prince Ribbit (D:8)
  A troll (D:10)
  Grinder (D:5)
  Sigmund (D:3)
  19 yaks
  Eustachio (D:6)
  A wyvern (D:8)
  2 hungry ghosts
  A human (D:8)
  A basilisk (Lair:1)
  4 hippogriffs
  Duvessa (D:7)
  5 porcupines
  A water moccasin (Lair:1)
  16 orc warriors
  3 sky beasts
  2 ice beasts
  2 phantoms (D:9)
  2 black bears
  A necrophage (D:5)
  A slave (D:9)
  9 ogres
  4 wolves (Lair:1)
  8 centaurs
  5 crocodiles
  14 giant frogs
  A wyvern zombie (D:9)
  5 scorpions
  Dowan (D:7)
  3 killer bees (D:7)
  3 wights (D:7)
  8 howler monkeys
  An electric eel (Lair:1)
  3 crimson imps
  A giant frog zombie (D:9)
  3 centaur zombies
  2 giant frog skeletons
  7 orc priests
  5 hounds
  13 orc wizards
  Jessica (D:2)
  6 iguanas
  Natasha (thrice) (D:3)
  4 worker ants
  3 sheep (D:8)
  5 big kobold zombies (Ossuary)
  2 hound zombies
  A hound skeleton (D:5)
  2 mummies (Ossuary)
  A howler monkey zombie (D:7)
  5 gnolls
  A worker ant zombie (D:5)
  18 adders
  20 river rats (Lair:1)
  2 shadow imps (D:7)
  An adder skeleton (D:5)
  3 adder zombies (Ossuary)
  2 worms
  A giant gecko (D:9)
  59 orcs
  4 bats
  6 giant cockroaches
  4 gnoll zombies (Ossuary)
  18 goblins
  7 hobgoblins
  6 jackals (D:3)
  7 kobolds
  8 quokkas
  A giant cockroach zombie (D:5)
  3 giant newts
  5 hobgoblin zombies (Ossuary)
  4 kobold zombies (Ossuary)
  4 orc zombies (Ossuary)
  A quokka zombie (D:5)
  14 rats
412 creatures vanquished.

Vanquished Creatures (others)
  An ogre (D:9)
  A giant frog (D:9)
  A crimson imp (D:9)
  A hound skeleton (D:6)
  A giant gecko (D:9)
  2 fungi
  5 plants (Lair:1)
12 creatures vanquished.

Grand Total: 424 creatures vanquished

Notes
Turn   | Place    | Note
-------+----------+-------------------------------------------
     0 | D:1      | mrath the Gargoyle Earth Elementalist began the quest for the Orb.
     0 | D:1      | Reached XP level 1. HP: 10/10 MP: 3/3
   263 | D:1      | Reached XP level 2. HP: 15/15 MP: 1/5
  1064 | D:1      | Reached XP level 3. HP: 19/19 MP: 2/7
  1464 | D:1      | Reached skill level 3 in Spellcasting
  1569 | D:1      | Learned a level 3 spell: Stone Arrow
  1584 | D:2      | Found a hide-covered altar of Uskayaw.
  2091 | D:2      | Reached XP level 4. HP: 22/24 MP: 5/8
  2320 | D:2      | Noticed Jessica
  2326 | D:2      | Killed Jessica
  2326 | D:2      | Reached skill level 1 in Conjurations
  2664 | D:2      | Found a deep blue altar of Sif Muna.
  3096 | D:3      | Found a snail-covered altar of Cheibriados.
  3155 | D:3      | Reached XP level 5. HP: 28/28 MP: 7/10
  3535 | D:3      | Reached skill level 5 in Earth Magic
  3637 | D:3      | Noticed Natasha
  3647 | D:3      | Killed Natasha
  3650 | D:3      | Noticed Natasha
  3663 | D:3      | Killed Natasha
  3663 | D:3      | Reached skill level 4 in Spellcasting
  3755 | D:3      | Noticed Sigmund
  4048 | D:3      | Killed Sigmund
  4048 | D:3      | Reached XP level 6. HP: 32/32 MP: 1/13
  4180 | D:3      | Noticed Natasha
  4185 | D:3      | Killed Natasha
  4355 | D:3      | Reached XP level 7. HP: 32/36 MP: 3/14
  4461 | D:4      | Found a white marble altar of Elyvilon.
  4547 | D:4      | Reached skill level 5 in Spellcasting
  4821 | D:4      | Found an ancient bone altar of Kikubaaqudgha.
  5152 | D:4      | Reached XP level 8. HP: 41/41 MP: 9/16
  5155 | D:4      | Reached skill level 6 in Spellcasting
  5593 | D:5      | Entered Level 5 of the Dungeon
  5595 | D:5      | Found a staircase to the Ecumenical Temple.
  5616 | Temple   | Entered the Ecumenical Temple
  5671 | Temple   | Became a worshipper of Vehumet
  5743 | D:5      | Found a blossoming altar of Fedhas.
  6311 | D:5      | Noticed Grinder
  6313 | D:5      | Paralysed by Grinder for 4 turns
  6324 | D:5      | Killed Grinder
  6324 | D:5      | Reached skill level 7 in Spellcasting
  6324 | D:5      | Reached skill level 5 in Conjurations
  6871 | D:5      | Found a glowing silver altar of Zin.
  6957 | D:5      | Reached XP level 9. HP: 43/45 MP: 12/20
  6964 | D:5      | Learned a level 5 spell: Lee's Rapid Deconstruction
  7305 | D:6      | Reached skill level 1 in Fighting
  7309 | D:6      | Reached skill level 1 in Armour
  7377 | D:6      | Noticed mrath's ghost (novice GrEE)
  7393 | D:6      | HP: 2/47 [mrath's ghost/Lee's Rapid Deconstruction (8)]
  7724 | D:5      | Reached * piety under Vehumet
  7724 | D:5      | Offered knowledge of Freeze by Vehumet.
  7943 | D:6      | Found a bloodstained altar of Trog.
  8065 | D:5      | Reached skill level 8 in Spellcasting
  8383 | D:6      | Noticed Eustachio
  8392 | D:6      | Killed Eustachio
  9402 | D:7      | Found a flagged portal.
  9448 | Bailey   | Entered a bailey
 10308 | Bailey   | Reached XP level 10. HP: 55/56 MP: 15/22
 10351 | Bailey   | Reached ** piety under Vehumet
 10351 | Bailey   | Offered knowledge of Sting by Vehumet.
 10399 | Bailey   | Learned a level 1 spell: Sting
 10489 | Bailey   | Noticed an orc knight
 10583 | Bailey   | Killed an orc knight
 10731 | D:7      | Found a sacrificial altar of Ru.
 10731 | D:7      | Found a burning altar of Makhleb.
 10989 | D:7      | Found a hazy altar of Hepliaklqana.
 10993 | D:7      | Reached skill level 9 in Spellcasting
 11537 | D:7      | Noticed Dowan
 11538 | D:7      | Noticed Duvessa
 11737 | D:7      | Reached skill level 5 in Fighting
 11757 | D:7      | Killed Dowan
 11764 | D:7      | Killed Duvessa
 12434 | D:7      | Offered knowledge of Ignite Poison by Vehumet.
 12871 | D:8      | Found a sand-covered staircase.
 12899 | Ossuary  | Entered an ossuary
 12931 | Ossuary  | Reached *** piety under Vehumet
 13161 | Ossuary  | Offered knowledge of Dazzling Spray by Vehumet.
 13193 | Ossuary  | Learned a level 3 spell: Dazzling Spray
 13231 | Ossuary  | Got a faintly glowing falchion
 13236 | Ossuary  | Identified the cursed +1 falchion of Asoedgh {slice, MR+ Dex-2 SInv} (You found it in an ossuary)
 13592 | D:8      | Noticed Prince Ribbit
 13649 | D:8      | Killed Prince Ribbit
 14072 | D:8      | Reached XP level 11. HP: 66/66 MP: 17/24
 14422 | D:9      | Reached **** piety under Vehumet
 14424 | D:9      | Reached skill level 5 in Armour
 14748 | D:9      | Offered knowledge of Inner Flame by Vehumet.
 15501 | D:9      | Noticed Pikel
 15597 | D:9      | Killed Pikel
 15751 | D:9      | Found a shimmering altar of Xom.
 16018 | D:10     | Entered Level 10 of the Dungeon
 16018 | D:10     | Noticed a purple ugly thing
 16098 | D:10     | Noticed an unseen horror
 16111 | D:9      | Killed an unseen horror
 16111 | D:9      | Reached skill level 10 in Spellcasting
 16247 | D:10     | Reached skill level 10 in Earth Magic
 16692 | D:10     | Killed a purple ugly thing
 16871 | D:10     | Found a staircase to the Orcish Mines.
 16930 | D:10     | Found a portal to a secret trove of treasure.
 17074 | D:10     | Found a staircase to the Lair.
 17294 | D:10     | Reached ***** piety under Vehumet
 17393 | D:10     | Offered knowledge of Bolt of Fire by Vehumet.
 17404 | D:10     | Learned a level 6 spell: Bolt of Fire
 17654 | Lair:1   | Entered Level 1 of the Lair of Beasts
 17891 | Lair:1   | Reached skill level 1 in Fire Magic
 18608 | Lair:1   | Reached skill level 1 in Evocations
 18608 | Lair:1   | Reached XP level 12. HP: 72/75 MP: 17/26
 19549 | Lair:2   | Reached skill level 5 in Dodging
 20502 | Lair:2   | Reached skill level 11 in Spellcasting
 20506 | Lair:2   | Noticed an eight-headed hydra
 20822 | Lair:2   | Noticed an eight-headed hydra
 20827 | Lair:2   | Killed an eight-headed hydra
 21793 | D:10     | Slain by a white ugly thing

Vault maps used:
D:1:      evilmike_arrival_run_for_it
D:2:      eat_drink_and_be_merry_uskayaw, nicolae_overflow_crystal_walls,
          kennysheep_jessica_study
D:3:      lemuel_coloured_pillars_altar, uniq_sigmund, uniq_natasha
D:4:      old_standard_altar, first_bread, elyvilon_altar_5
D:5:      fedhas_bush_and_centaur_altar, zin_academy, minivault_27,
          minivault_19, uniq_grinder
D:6:      basic_altar, lemuel_old_faithful, uniq_eustachio
D:7:      kennysheep_little_box, gammafunk_temple_overflow_wave, enter_bailey_3,
          uniq_duvessa
D:8:      nicolae_ossuary_entry_monument, grunt_livestock, uniq_prince_ribbit1
D:9:      lemuel_doored_altar, uniq_pikel
D:10:     lair_0_dummy, orc_0_dummy, enter_trove_0
Temple:   minmay_temple_curvy_loop
Lair:1:   lemuel_fruit_tree, grunt_megastairs_4, bh_autumn_forest_stairs,
          lemuel_fruit_fields, serial_bayou_shore_a
Lair:2:   st_stairs_13, grunt_megastairs_5
Ossuary:  ossuary_tomb_2
Bailey:   bailey_polearm_2, bailey

Skill      XL: |  1  2  3  4  5  6  7  8  9 10 11 12 |
---------------+-------------------------------------+-----
Earth Magic    | 4 5 6 8 9 10 | 10.7
Spellcasting   | 3 4 5 7 8 9 10 11 | 11.0
Conjurations   | 1 2 3 4 5 6 7 8 9 |  9.2
Fighting       | 3 6 8 9 |  9.9
Armour         | 3 4 6 7 |  7.3
Dodging        | 2 3 4 5 |  5.3
Fire Magic     | 1 3 |  3.3
Evocations     | 1 2 |  2.9
Stealth        | |  2.1
Transmutations | |  0.7

Action                   |  1- 3 |  4- 6 |  7- 9 | 10-12 || total
-------------------------+-------+-------+-------+-------++-------
Melee: Dagger            |    19 |       |       |       ||    19
       Short sword       |     9 |       |       |       ||     9
       Whip              |    32 |    90 |    74 |       ||   196
       Hand axe          |       |       |    61 |   202 ||   263
       Falchion          |       |       |       |   203 ||   203
       Morningstar       |       |       |       |   202 ||   202
Throw: Tomahawk          |       |       |     2 |     8 ||    10
       Stone             |       |       |     1 |       ||     1
 Cast: Sandblast         |    42 |    50 |    26 |    27 ||   145
       Stone Arrow       |       |     8 |   138 |   362 ||   508
       Lee's Rapid Decon |       |       |     4 |     7 ||    11
  Use: Scroll            |     5 |       |     8 |    10 ||    23
 Stab: Sleeping          |     1 |     2 |       |    10 ||    13
  Eat: Chunk             |     3 |     8 |    17 |    35 ||    63
       Beef jerky        |       |       |     1 |       ||     1
       Royal jelly       |       |       |     1 |       ||     1
       Fruit             |       |       |     3 |     3 ||     6
Armor: Robe              |    28 |    30 |    83 |   325 ||   466
Dodge: Dodged            |    34 |    90 |   137 |   463 ||   724
